Map: [TLMC15] Curious Minds

Players

Solar

  • Race: Zerg Zerg

Reynor - Winner!

  • Race: Zerg Zerg

Event: DreamHack SC2 Masters Last Chance 2022

VOD

Have the link to the VOD?

Description

Time

  • Played on: Jan. 15, 2022, 8:22 a.m.
  • Length: 9:00

All games in this series

Show
View Real Time Build Order
Export as new Build Order

Solar Zerg 

Build Orders: Hatch First 

Get SALT Encoding   

  12  0:00  Drone  
  13  0:12  Overlord  
  13  0:17  Drone  
  14  0:30  Drone  
  14  0:31  Drone  
  16  0:47  Hatchery  
  15  0:51  Drone  
  15  0:54  Drone  
  17  0:57  Drone  
  18  1:08  Extractor  
  17  1:13  Spawning Pool  
  17  1:16  Drone  
  17  1:19  Drone  
  18  1:28  Drone  
  19  1:39  Drone  
  20  1:51  Drone  
  21  2:00  Queen x2  
  21  2:01  Overlord, Zergling x2  
  26  2:10  Drone  
  26  2:11  Drone  
  28  2:22  Drone  
  29  2:24  Drone  
  30  2:32  Hatchery  
  30  2:35  Drone  
  30  2:39  Drone  
  30  2:43  Overlord  
  31  2:46  Drone  
  31  2:57  Overlord  
  32  2:58  Drone  
  32  3:07  Evolution Chamber  
  32  3:08  Drone x4  
  32  3:09  Drone  
  36  3:15  Overlord  
  36  3:16  Drone x3  
  39  3:20  Overlord  
  39  3:27  Roach Warren  
  39  3:28  Zergling x4  
  39  3:32  Zerg Ground Armor Level 1  
  40  3:38  Drone  
  40  3:39  Extractor  
  40  3:40  Drone x2  
  44  3:41  Drone x2  
  44  3:47  Drone  
  45  3:49  Queen  
  47  4:05  Drone  
  47  4:07  Overlord  
  48  4:11  Drone  
  48  4:12  Drone x3  
  48  4:14  Extractor, Drone x3  
  54  4:17  Lair  
  54  4:21  Roach x4  
  62  4:31  Drone x4  
  65  4:34  Overlord  
  66  4:39  Overlord  
  66  4:44  Overlord  
  66  4:51  Roach x3  
  71  4:53  Drone  
  71  4:55  Extractor, Roach x3  
  71  4:57  Overlord  
  77  5:02  Roach  
  77  5:03  Drone  
  77  5:06  Roach x2  
  84  5:07  Overlord  
  84  5:15  Overseer  
  84  5:19  Roach x3  
  91  5:21  Drone  
  91  5:22  Drone  
  91  5:26  Roach x3  
  98  5:31  Overlord  
  98  5:35  Glial Reconstitution  
  98  5:38  Overlord  
  98  5:40  Overlord  
  98  5:42  Roach x3  
  104  5:49  Overlord  
  104  5:52  Roach  
  104  5:56  Zerg Missile Weapons Level 1  
  106  5:58  Roach x2  
  106  6:03  Roach x2  
  114  6:05  Overlord  
  114  6:09  Ravager  
  115  6:11  Roach  
  115  6:12  Overlord  
  115  6:15  Roach  
  115  6:16  Roach  
  121  6:19  Roach  
  123  6:26  Drone x6  
  123  6:29  Drone x2  
  123  6:32  Extractor, Roach x7  
  144  6:37  Roach  
  146  6:43  Overlord  
  146  6:44  Overlord  
  146  6:46  Roach  
  148  6:48  Ravager  
  148  6:51  Overlord  
  149  6:54  Roach  
  149  6:58  Roach  
  149  7:00  Ravager  
  149  7:01  Overlord  
  154  7:02  Roach  
  154  7:03  Roach x5  
  154  7:05  Overlord  
  166  7:09  Roach x4  
  174  7:16  Overlord  
  174  7:19  Overlord x2  
  174  7:28  Ravager x2  
  174  7:29  Roach x4  
  184  7:32  Queen  
  184  7:33  Roach  
  184  7:36  Roach  
  184  7:37  Roach x3  
  192  7:43  Roach  
  192  7:44  Roach x2  
  194  7:50  Roach x3  
  184  7:56  Drone  
  170  7:58  Roach x4  
  170  8:02  Roach  
  176  8:06  Roach x2  
  176  8:10  Roach x2  
  184  8:14  Roach  
  185  8:21  Roach x3  
  189  8:31  Roach x2  
  173  8:36  Roach x2  
  173  8:41  Roach x4  
Show
View Real Time Build Order
Export as new Build Order

Reynor Zerg - Winner!

Build Orders: Hatch First 

Get SALT Encoding   

  12  0:00  Drone  
  13  0:12  Overlord  
  13  0:16  Drone  
  14  0:30  Drone x2  
  16  0:49  Hatchery  
  15  0:51  Drone  
  15  0:54  Drone  
  17  0:58  Drone  
  18  1:08  Extractor  
  17  1:13  Spawning Pool  
  17  1:16  Drone  
  17  1:20  Drone  
  18  1:27  Drone  
  19  1:38  Drone  
  20  1:48  Overlord  
  20  2:00  Queen x2  
  20  2:01  Drone x2  
  26  2:11  Drone x2  
  28  2:21  Drone  
  28  2:22  Drone  
  30  2:32  Overlord  
  30  2:33  Drone  
  30  2:36  Queen  
  33  2:42  Drone  
  34  2:44  Drone  
  34  2:48  Evolution Chamber  
  34  2:53  Drone  
  34  2:56  Drone  
  34  2:57  Lair  
  36  3:04  Overlord  
  36  3:05  Drone  
  36  3:07  Drone  
  36  3:09  Drone x2  
  36  3:10  Drone x3  
  43  3:15  Zerg Missile Weapons Level 1  
  43  3:17  Extractor  
  43  3:19  Drone  
  43  3:20  Roach Warren  
  43  3:22  Drone  
  43  3:26  Drone  
  44  3:30  Drone  
  44  3:32  Evolution Chamber  
  44  3:37  Overlord  
  44  3:41  Extractor x2, Drone  
  44  3:43  Drone x2  
  44  3:44  Drone x2  
  44  3:45  Drone  
  48  3:48  Drone  
  48  3:49  Drone  
  48  3:53  Drone  
  51  3:58  Overseer  
  51  3:59  Drone  
  51  4:00  Glial Reconstitution  
  52  4:03  Drone  
  53  4:12  Overseer  
  53  4:17  Overlord, Hatchery  
  53  4:18  Roach  
  53  4:21  Roach  
  56  4:26  Roach x2  
  60  4:34  Overlord  
  60  4:37  Roach x3  
  66  4:40  Overlord  
  66  4:47  Roach  
  66  4:50  Overlord  
  70  4:53  Roach  
  70  4:54  Roach x2  
  74  5:03  Roach x4  
  82  5:09  Zerg Missile Weapons Level 2  
  82  5:14  Zerg Ground Armor Level 1  
  82  5:18  Roach x2  
  82  5:19  Drone  
  87  5:21  Overseer  
  87  5:22  Drone x2  
  87  5:26  Overlord  
  89  5:30  Drone x2  
  89  5:31  Drone  
  89  5:32  Drone  
  89  5:33  Drone  
  92  5:44  Overlord  
  92  5:48  Roach x5  
  102  5:53  Roach  
  102  5:55  Overlord  
  104  5:58  Roach  
  104  6:02  Overlord  
  106  6:04  Roach x3  
  106  6:09  Roach  
  114  6:12  Overlord  
  114  6:16  Roach x4  
  122  6:20  Overlord  
  122  6:24  Roach x2  
  126  6:28  Roach  
  126  6:29  Overlord  
  126  6:30  Roach  
  126  6:31  Roach  
  126  6:32  Ravager x3  
  135  6:35  Roach  
  135  6:38  Overlord  
  137  6:40  Roach  
  137  6:44  Roach x2  
  137  6:46  Drone  
  137  6:47  Drone x2  
  146  6:50  Drone x2  
  146  6:52  Ravager  
  149  6:54  Roach x2  
  149  6:55  Drone  
  149  6:57  Drone  
  149  7:00  Drone x2, Extractor  
  156  7:02  Extractor, Overlord  
  156  7:05  Roach  
  156  7:07  Roach  
  159  7:15  Overlord  
  159  7:16  Drone x3  
  159  7:21  Roach x3  
  168  7:27  Roach  
  168  7:29  Overlord  
  170  7:35  Roach x4  
  178  7:40  Overlord  
  178  7:48  Roach x5  
  178  7:55  Roach x6  
  164  7:59  Roach  
  164  8:05  Roach x2  
  170  8:08  Roach x3  
  170  8:12  Roach  
  178  8:13  Overlord  
  178  8:21  Roach x2  
  178  8:23  Overlord  
  182  8:30  Roach x2  
  182  8:34  Roach x7  
  178  8:38  Roach x3  
  178  8:39  Roach  

Tags
 
Add a new tag
Caveats
  • Supply blocks, unpowered buildings, or Contaminate may cause inaccurate times.
  • Supply counts are checked every 10 seconds.